 Dungeon Crawl Stone Soup version 0.17-a0-1150-g17b0b87 (webtiles) character file.

254 Chiseanne the Skirmisher (level 5, 0/46 HPs)
             Began as a Demonspawn Wanderer on May 27, 2015.
             Slain by Pikel
             ... wielding a +2 whip of freezing
              (7 damage)
             ... on level 4 of the Dungeon.
             The game lasted 00:07:59 (2490 turns).

Chiseanne the Skirmisher (Demonspawn Wanderer)      Turns: 2490, Time: 00:07:59

Health: 0/46       AC:  3    Str: 13    XL:     5   Next: 90%
Magic:  5/5        EV: 14    Int: 17    God:
Gold:   156        SH:  0    Dex: 14    Spells: 0 memorised, 4 levels left

rFire  . . .     SeeInvis .     w - +1 longbow
rCold  . . .     Clarity  .     d - +0 robe
rNeg   . . .     SustAt   .     (no shield)
rPois  .         Gourm    .     (no helmet)
rElec  .         Spirit   .     (no cloak)
rCorr  .         Warding  .     t - +0 pair of gloves
rMut   .         Stasis   .     (no boots)
MR     .....                    (no amulet)
Stlth  ++........               (no ring)
                                (no ring)

@: mighty, not resistant to hostile enchantments, unstealthy
A: powered by death 1, rot immunity
a: no special abilities


You were on level 4 of the Dungeon.
You were not hungry.

You visited 1 branch of the dungeon, and saw 4 of its levels.

You collected 156 gold pieces.

Inventory:

Hand weapons
 a - a +3 short sword
 w - a +1 longbow (weapon)
Missiles
 c - 9 sling bullets
 n - 32 poisoned needles
 o - 65 arrows (quivered)
 r - 10 poisoned bolts
 s - 16 bolts
 u - 9 arrows of frost
Armour
 d - a +0 robe (worn)
 t - a +0 pair of gloves (worn)
Scrolls
 b - a scroll of teleportation
 e - 2 scrolls of immolation
 g - a scroll of identify
 i - 2 scrolls of magic mapping
 k - 3 scrolls of remove curse
 l - a scroll of fear {unknown}
 m - a scroll of enchant armour {unknown}
 y - a scroll of blinking {unknown}
Potions
 h - a potion of might
 p - 2 potions of cure mutation {unknown}
 q - a potion of curing {unknown}
 v - a potion of flight {unknown}
Comestibles
 f - 3 bread rations
 x - 2 chunks of flesh
 z - 2 fruits
 A - a meat ration


   Skills:
 * Level 5.7 Fighting
 - Level 1.0 Short Blades
 * Level 3.9 Dodging
 - Level 2.6 Stealth
   Level 1.0 Shields


You had 4 spell levels left.
You didn't know any spells.

Dungeon Overview and Level Annotations

Branches:
Dungeon (4/15)
 Temple: D:4-7

Altars:
Ashenzari
Qazlal

Annotations:
D:4 Pikel


Innate Abilities, Weirdness & Mutations

You can steal the life force of nearby defeated enemies.
You are immune to rotting.


Message History

You shoot an arrow. The arrow closely misses Pikel.
The arrow hits the slave!
The slave is moderately wounded.
Pikel hits you with a whip of freezing. Pikel freezes you.
Firing (i - inventory. (,) - cycle):
o - 67 arrows (quivered)
Press: ? - help, Shift-Dir - straight line, f/p - Pikel
Aim: Pikel, wielding a whip of freezing and wearing a runed robe (severely wounded)
You shoot an arrow. The arrow closely misses Pikel.
The arrow hits the slave!
The slave is severely wounded.
Pikel barely misses you. Pikel completely misses you.
Firing (i - inventory. (,) - cycle):
o - 66 arrows (quivered)
Press: ? - help, Shift-Dir - straight line, f/p - Pikel
Aim: Pikel, wielding a whip of freezing and wearing a runed robe (severely wounded)
You shoot an arrow. The arrow barely misses Pikel.
The arrow completely misses the slave.
Pikel scowls and wipes his hands on his robe.
Pikel hits you with a whip of freezing. Pikel freezes you.
Pikel hits you with a whip of freezing!
* * * LOW HITPOINT WARNING * * *
Pikel freezes you!
You die...

####.### #.# #.######.(....#
##...# #.#####.##.....([...#
##.### #.#.................#
##.####......###...####......#
........##. #..## #...<)(#
.........# #..# ##....##
.##≈#..... ##..# #.##..# ##
≈##≈... ##...# #.###.# ≈ #≈
#..# #..@## ##.# #.## ≈# ≈≈
≈.# #.#K## #..###).# ≈≈≈ ≈#≈
.# # #pp## ##.#.#.#.# ≈≈≈≈ ≈#
##..###[.......# ≈#≈#
##....#.#.#.#.# ##...........#
#.[.#.#.#.#.# . #...........#
b #...#.#.#.###


You could see Pikel and 2 slaves.

Vanquished Creatures
  2 slaves (D:4)
  A big kobold (D:3)
  Jessica (D:2)
  4 adders
  4 gnolls (D:3)
  An adder skeleton (D:3)
  2 giant geckos
  An orc (D:3)
  7 bats
  A bat skeleton (D:4)
  4 giant cockroaches
  14 hobgoblins
  11 kobolds
  3 ball pythons
  3 giant newts
  17 goblins
  2 jackals (D:1)
  4 rats
82 creatures vanquished.

Vanquished Creatures (others)
  A giant gecko (D:1)
  A ball python (D:1)
2 creatures vanquished.

Grand Total: 84 creatures vanquished

Notes
Turn   | Place    | Note
--------------------------------------------------------------
     0 | D:1      | Chiseanne the Demonspawn Wanderer began the quest for the Orb.
     0 | D:1      | Chiseanne set off with: a +2 short sword, a scroll of teleportation, a potion of lignification, a +0 robe, a +0 dagger, a bread ration
     0 | D:1      | Reached XP level 1. HP: 19/19 MP: 1/1
    89 | D:1      | Gained mutation: You are immune to rotting. [demonic ancestry]
    89 | D:1      | Reached XP level 2. HP: 25/25 MP: 2/2
   699 | D:1      | Gained mutation: You can steal the life force of nearby defeated enemies. [demonic ancestry]
   699 | D:1      | Reached XP level 3. HP: 22/31 MP: 3/3
   822 | D:2      | Noticed Jessica
   834 | D:2      | Killed Jessica
   834 | D:2      | Reached skill level 5 in Fighting
   982 | D:2      | Reached XP level 4. HP: 29/39 MP: 4/4
  1094 | D:2      | Found a stormy altar of Qazlal.
  1566 | D:2      | Found a shattered altar of Ashenzari.
  1715 | D:3      | Noticed a big kobold
  1756 | D:3      | Killed a big kobold
  1756 | D:3      | Reached XP level 5. HP: 42/45 MP: 5/5
  1950 | D:3      | HP: 1/69 [gnoll/halberd (7)]
  2389 | D:4      | Noticed a slave
  2421 | D:4      | Killed a slave
  2424 | D:4      | Noticed a slave
  2448 | D:4      | Killed a slave
  2473 | D:4      | Noticed a slave
  2476 | D:4      | Noticed Pikel
  2477 | D:4      | Noticed a slave
  2490 | D:4      | Slain by Pikel

Vault maps used:
D:1:      dpeg_arrival_tiny_h, lemuel_flame_loot_1
D:2:      nicolae_qazlal_general_emergency, lemuel_doored_altar, first_bread,
          uniq_jessica
D:4:      serial_shops, shop, st_stairs_12, minivault_4,
          uniq_crazy_yiuf_cottage, uniq_pikel

Action                   |  1- 3 |  4- 6 || total
-------------------------+-------+-------++-------
Melee: Short sword       |   103 |   175 ||   278
 Fire: Longbow           |       |    17 ||    17
  Use: Scroll            |       |     6 ||     6
       Potion            |       |     4 ||     4
 Stab: Sleeping          |       |     5 ||     5
  Eat: Chunk             |       |     5 ||     5
